 Dungeon Crawl Stone Soup version 0.22-a0-750-ga7dcef7 (webtiles) character file.

42 Amnesiac the Digger (level 3, -4/24 HPs)
             Began as a Demonspawn Earth Elementalist on July 16, 2018.
             Slain by a scorpion (10 damage)
             ... on level 4 of the Dungeon.
             The game lasted 00:02:56 (1444 turns).

Amnesiac the Digger (Demonspawn Earth Elementalist) Turns: 1444, Time: 00:02:57

Health: -4/24      AC:  2    Str:  8    XL:     3   Next: 35%
Magic:  1/7        EV: 12    Int: 17    God:
Gold:   68         SH:  0    Dex: 13    Spells: 5/8 levels left

rFire    + . .     SeeInvis .   h - +3 spear (pierce)
rCold    . . .     Gourm    .   (no shield)
rNeg     . . .     Faith    .   c - +0 robe
rPois    .         Spirit   .   (no helmet)
rElec    .         Reflect  .   (no cloak)
rCorr    .         Harm     .   (no gloves)
MR       .....                  (no boots)
Stlth    ++........             (no amulet)
HPRegen  0.08/turn              (no ring)
MPRegen  0.10/turn              (no ring)

@: lethally poisoned (-4 -> -18)
A: fire resistance 1
a: no special abilities


You were on level 4 of the Dungeon.
You were not hungry.

You visited 1 branch of the dungeon, and saw 4 of its levels.

You collected 68 gold pieces.

Inventory:

Hand Weapons
 h - a +3 spear of piercing (weapon)
 j - a -2 hunting sling
Missiles
 b - 77 stones (quivered)
 g - 11 sling bullets
Armour
 c - a +0 robe (worn)
Scrolls
 f - a scroll of teleportation {!r, unknown}
Potions
 a - a potion of ambrosia {!q, unknown}
 e - a potion of flight {!q, unknown}
 k - a potion of heal wounds {!q, unknown}
Comestibles
 d - 4 rations


   Skills:
 - Level 1.7 Dodging
 - Level 2.0 Stealth
 + Level 3.1 Spellcasting
 - Level 0.8 Transmutations
 + Level 3.1 Earth Magic


You had 5 spell levels left.
You knew the following spells:

 Your Spells              Type           Power        Failure   Level  Hunger
a - Sandblast             Erth           ##....       4%          1    None
b - Passwall              Tmut/Erth      #.......     12%         2    ##.....

Your spell library contained the following spells:

 Spells                   Type           Power        Failure   Level  Hunger
 Stone Arrow              Conj/Erth      #.....       26%         3    ###....
 Lee's Rapid Deconstruct  Erth           ##........   78%         5    ######.
 Petrify                  Tmut/Erth      #.......     58%         4    ####...


Dungeon Overview and Level Annotations

Branches:
Dungeon (4/15)
 Temple: D:4-7

Altars:

Annotations:
D:2 1 exclusion
D:3 1 runed door, Ijyb


Innate Abilities, Weirdness & Mutations

Your flesh is heat resistant. (rF+)


Message History

h - a +3 spear of piercing (weapon)
Casting: Sandblast (safe; 4% risk of failure)
Confirm with . or Enter, or press ? or * to list all spells.
Aiming: Sandblast (safe; 4% risk of failure)
Press: ? - help, Shift-Dir - straight line, f - scorpion
Aim: a scorpion The blast of sand hits the scorpion.
The scorpion is moderately wounded.
b - 82 stones Unknown command.
Casting: Sandblast (safe; 4% risk of failure)
Confirm with . or Enter, or press ? or * to list all spells.
Aiming: Sandblast (safe; 4% risk of failure)
Press: ? - help, Shift-Dir - straight line, f/p - scorpion
Aim: a scorpion (moderately wounded)
The blast of sand misses the scorpion.
b - 81 stones Unknown command.
Casting: Sandblast (safe; 4% risk of failure)
Confirm with . or Enter, or press ? or * to list all spells.
Aiming: Sandblast (safe; 4% risk of failure)
Press: ? - help, Shift-Dir - straight line, f/p - scorpion
Aim: a scorpion (moderately wounded)
The blast of sand hits the scorpion.
The scorpion is heavily wounded.
b - 80 stones The scorpion stings you.
You are poisoned.
The scorpion poisons you!
Unknown command.
Casting: Sandblast (safe; 4% risk of failure)
Confirm with . or Enter, or press ? or * to list all spells.
Aiming: Sandblast (safe; 4% risk of failure)
Press: ? - help, Shift-Dir - straight line, f/p - scorpion
Aim: a scorpion (heavily wounded)
The blast of sand hits the scorpion.
The scorpion is almost dead.
b - 79 stones You feel sick.
The scorpion stings you.
You are lethally poisoned!
The scorpion poisons you!
Unknown command.
Casting: Sandblast (safe; 4% risk of failure)
Confirm with . or Enter, or press ? or * to list all spells.
Aiming: Sandblast (safe; 4% risk of failure)
Press: ? - help, Shift-Dir - straight line, f/p - scorpion
Aim: a scorpion (almost dead)
The blast of sand hits the scorpion.
The scorpion is almost dead.
b - 78 stones You feel sick.
The scorpion stings you!
* * * LOW HITPOINT WARNING * * *
Unknown command.
Casting: Sandblast (safe; 4% risk of failure)
Confirm with . or Enter, or press ? or * to list all spells.
Aiming: Sandblast (safe; 4% risk of failure)
Press: ? - help, Shift-Dir - straight line, f/p - scorpion
Aim: a scorpion (almost dead)
The blast of sand hits the scorpion.
The scorpion is almost dead.
b - 77 stones
* * * LOW HITPOINT WARNING * * *
You feel sick. The scorpion stings you!
You die...

#########.##.#
#.##.#
#########.##.#
..........##.#
############.####
..# ...........#
#.# ####.#####.##
# # # #..# # ##@#
# #s# # ..# #..#
#..# #..# #..#
#..#


You could see a scorpion.

Vanquished Creatures
  A hound skeleton (D:4)
  An adder (D:2)
  A worm (D:4)
  A dart slug (D:4)
  A leopard gecko (D:2)
  An orc (D:4)
  A giant cockroach (D:2)
  3 goblins (D:2)
  A hobgoblin (D:4)
  A kobold (D:2)
  A ball python (D:4)
  A bat (D:4)
  A frilled lizard (D:2)
  A quokka skeleton (D:4)
16 creatures vanquished.

Vanquished Creatures (others)
  5 toadstools (D:2)
5 creatures vanquished.

Grand Total: 21 creatures vanquished

Notes
Turn   | Place    | Note
-------+----------+-------------------------------------------
     0 | D:1      | Amnesiac the Demonspawn Earth Elementalist began the quest for the Orb.
     0 | D:1      | Reached XP level 1. HP: 13/13 MP: 3/3
   489 | D:2      | Gained mutation: Your flesh is heat resistant. (rF+) [demonic ancestry]
   489 | D:2      | Reached XP level 2. HP: 11/19 MP: 0/5
   642 | D:2      | Learned a level 2 spell: Passwall
   682 | D:3      | Found a runed door.
   724 | D:3      | Noticed Ijyb
   910 | D:4      | Reached XP level 3. HP: 20/24 MP: 2/7
  1434 | D:4      | Noticed a scorpion
  1444 | D:4      | Slain by a scorpion

Vault maps used:
D:1:      lemuel_arrival_hallway, minmay_ruptured
D:2:      cheibrodos_fertilizer, uniq_sigmund
D:3:      first_ration, uniq_ijyb, uniq_crazy_yiuf_cottage
D:4:      kiku_gazebo_pond_becter

Skill      XL: |  1  2 |
---------------+-------+-----
Stealth        | 2 |  2.0
Spellcasting   | 3 |  3.1
Earth Magic    | 3 |  3.1
Dodging        | |  1.7
Transmutations | |  0.8

Action                   || total
-------------------------++-------
Melee: Unarmed           ||    42
 Fire: Hunting sling     ||     8
 Cast: Sandblast         ||    27
  Use: Scroll            ||     3
  Eat: Chunk             ||     2
Armor: Robe              ||    16
Dodge: Dodged            ||    42

Table legend:
 A = Spawn XP
 B = Non-spawn XP
 C = Spawn XP percentage of total XP
 D = Spawn monster count
 E = Non-spawn monster count
 F = Spawn count percentage of total count
 G = Total turns spent on level
                    A         B        C        D         E        F      G
               +---------+---------+-------+---------+---------+-------+---------
         Total |       0 |      61 |   0.0 |       0 |      16 |   0.0 |  1444
               +---------+---------+-------+---------+---------+-------+---------
           D:2 |       0 |      26 |   0.0 |       0 |       8 |   0.0 |   614
           D:4 |       0 |      35 |   0.0 |       0 |       8 |   0.0 |   713
               +---------+---------+-------+---------+---------+-------+---------
